 Dungeon Crawl Stone Soup version 0.27.1-33-g824d729ab1 (webtiles) character file.

Game seed: 1803375980250089016

370 lonewolfV2 the Shield-Bearer (level 6, -3/53 HPs)
             Began as a Draconian Fighter on Dec 16, 2021.
             Slain by a centaur (4 damage)
             ... on level 4 of the Dungeon.
             The game lasted 00:06:36 (2852 turns).

lonewolfV2 the Shield-Bearer (Draconian Fighter)    Turns: 2852, Time: 00:06:37

Health: -3/53      AC:  6    Str: 19    XL:     6   Next: 42%
Magic:  6/6        EV: 10    Int:  9    God:
Gold:   131        SH: 10    Dex: 11    Spells: 5/5 levels left

rFire    . . .     SeeInvis .   h - +2 short sword (distort)
rCold    . . .     Faith    .   a - +1 kite shield
rNeg     . . .     Spirit   .   (armour unavailable)
rPois    .         Reflect  .   (helmet restricted)
rElec    .         Harm     .   (no cloak)
rCorr    .         Rampage  .   (no gloves)
Will     .....                  (no boots)
Stlth    +.........             (no amulet)
HPRegen  0.17/turn              (no ring)
MPRegen  0.10/turn              (no ring)

@: mighty, lethally poisoned (-3 -> -5), flying
A: AC +6, unfitting armour, cold-blooded
a: no special abilities


You were on level 4 of the Dungeon.
You visited 1 branch of the dungeon, and saw 4 of its levels.

You collected 131 gold pieces.

Inventory:

Hand Weapons
 c - a +2 hand axe
 g - a +1 vorpal mace
 h - a +2 short sword of distortion (weapon)
Armour
 a - a +1 kite shield (worn)
Wands
 e - a wand of paralysis (7) (quivered)
Scrolls
 d - a scroll of enchant armour
Potions
 f - a potion of invisibility


   Skills:
 + Level 4.3 Fighting
 + Level 1.2 Short Blades
 + Level 2.8 Axes
 + Level 3.6 Dodging
 + Level 0.7 Stealth
 + Level 4.5 Shields
 + Level 2.5 Unarmed Combat
 + Level 0.1 Evocations


You had 5 spell levels left.
You didn't know any spells.
Your spell library contained the following spells:

 Spells                   Type           Power      Damage    Failure   Level
 Beastly Appendage        Tmut           0%         N/A       83%         1
 Wereblood                Tmut           0%         N/A       93%         2
 Spider Form              Tmut/Pois      0%         N/A       99%         3


Dungeon Overview and Level Annotations

Branches:
Dungeon (4/15)
 Temple: D:4-7

Altars:

Shops:
D:1 [


Innate Abilities, Weirdness & Mutations

Your plain brown scales are hard. (AC +6)
You cannot fit into any form of body armour.
You are cold-blooded and may be slowed by cold attacks.


Message History

The scorpion stings you but does no damage.
The centaur shoots an arrow.
The arrow closely misses you.
The centaur shoots an arrow.
The arrow barely misses you. You block the scorpion's attack.
The centaur shoots an arrow.
You block the arrow.
You hit the scorpion.
Space bends around the scorpion.
The scorpion is severely wounded.
You block the scorpion's attack. The scorpion stings you.
You are poisoned.
The scorpion poisons you!
You closely miss the scorpion.
The scorpion is severely wounded.
You feel very sick. The scorpion barely misses you.
The centaur unwields a +0 shortbow.
The centaur hits you. You block the centaur's attack.
You hit the scorpion.
Space bends around the scorpion.
You kill the scorpion!
You feel sick. The centaur hits you.
* * * LOW HITPOINT WARNING * * *
The centaur barely misses you. The centaur hits you.
* * * LOW HITPOINT WARNING * * *
The centaur kicks you.
* * * LOW HITPOINT WARNING * * *
The centaur hits you but does no damage.
The centaur kicks you.
* * * LOW HITPOINT WARNING * * *
Your Short Blades skill increases to level 1!
It was a potion of flight.
You feel very buoyant.
You fly up into the air.
You feel sick.
The centaur hits you but does no damage.
The centaur barely misses you. The centaur closely misses you.
The centaur kicks you.
* * * LOW HITPOINT WARNING * * *
You feel very mighty all of a sudden.
* * * LOW HITPOINT WARNING * * *
You feel sick. The centaur hits you.
* * * LOW HITPOINT WARNING * * *
You block the centaur's attack. The centaur hits you.
You die...

#. ## #. ##. # .. ..
.#### #. #####.##+#.#...
# #. ..>#..........
.###.#.#####.##.........
.....#.....†..'.........
#.<(..####.##.........
#....@####.##.........
+...c......##.........
#.....#######.........
#.....'...............
#.....##########......
#.....# #...... #.....#
#....†. #.....# #...##'
##..... ####...


You could see a centaur (fast).

Vanquished Creatures
  An ogre (D:3)
  A scorpion (D:4)
  A jelly (D:4)
  A hound (D:4)
  A centaur skeleton (D:4)
  Jessica (D:3)
  An orc wizard (D:3)
  3 adders (D:3)
  2 dart slugs
  8 orcs (D:3)
  4 bats
  4 giant cockroaches
  7 goblins
  7 hobgoblins
  A quokka (D:4)
  7 ball pythons
  2 frilled lizards
  5 kobolds
  A quokka skeleton (D:4)
  2 rats
60 creatures vanquished.

Notes
Turn   | Place    | Note
-------+----------+-------------------------------------------
     0 | D:1      | lonewolfV2 the Draconian Fighter began the quest for the
                  | Orb.
     0 | D:1      | Reached XP level 1. HP: 19/19 MP: 1/1
     6 | D:1      | Noticed a rime drake
     6 | D:1      | Noticed an iguana
     7 | D:1      | Noticed a black bear
     7 | D:1      | Noticed a lindwurm
    57 | D:1      | Found Zentauh's Armour Boutique.
   413 | D:1      | Reached XP level 2. HP: 26/26 MP: 2/2
   426 | D:1      | Found a faded altar of an unknown god.
  1539 | D:2      | Reached XP level 3. HP: 31/31 MP: 3/3
  1737 | D:3      | Reached skill level 1 in Axes
  1738 | D:3      | Noticed an ogre
  1766 | D:3      | Killed an ogre
  1767 | D:3      | Reached XP level 4. HP: 19/40 MP: 4/4
  1978 | D:3      | Reached XP level 5. HP: 46/46 MP: 5/5
  2565 | D:3      | Noticed Jessica
  2571 | D:3      | Killed Jessica
  2732 | D:4      | Reached XP level 6. HP: 49/52 MP: 6/6
  2851 | D:4      | Reached skill level 1 in Short Blades
  2852 | D:4      | HP: 2/53 [poisoned by a scorpion]
  2852 | D:4      | Slain by a centaur

Illustrated notes

Levels and vault maps discovered:
D:1:      onia_arrival_zoo_common, layout_loops_ring, serial_shops, shop,
          basic_ecumenical_altar, lemuel_old_faithful
D:2:      layout_basic
D:3:      layout_loops_ring, uniq_jessica
D:4:      layout_basic, cheibriados_altar_1

Skill      XL: |  1  2  3  4  5  6 |
---------------+-------------------+-----
Dodging        | 3 |  3.6
Axes           | 1 2 |  2.8
Shields        | 4 |  4.5
Fighting       | 4 |  4.3
Short Blades   | 1 |  1.2
Stealth        | |  0.7
Unarmed Combat | |  2.5
Evocations     | |  0.1

Action                   |  1- 3 |  4- 6 || total
-------------------------+-------+-------++-------
Melee: Unarmed           |    20 |       ||    20
       Tailslap          |     9 |     7 ||    16
       Hand axe          |    88 |    13 ||   101
       Short sword       |       |    55 ||    55
Evoke: Wand              |     3 |       ||     3
  Use: Scroll            |     3 |     5 ||     8
       Potion            |     5 |     3 ||     8
 Stab: Paralysed         |     1 |       ||     1
Armor: Skin              |    37 |    21 ||    58
Dodge: Dodged            |    53 |    48 ||   101
Block: Kite shield       |    69 |    55 ||   124
